 Dungeon Crawl Stone Soup version 0.19.1-1-g22dce08 (console) character file.

40679 Kloppie the Severer (level 13, -7/118 HPs)
             Began as a Black Draconian Berserker on Jan 16, 2017.
             Was a High Priest of Trog.
             Splashed by an oklob plant's acid (12 damage)
             ... on level 2 of the Lair of Beasts.
             The game lasted 00:30:24 (17501 turns).

Kloppie the Severer (Black Draconian Berserker)    Turns: 17501, Time: 00:30:24

Health: -7/118     AC:  4    Str: 20    XL:     13   Next: 75%
Magic:  0/13       EV: 18    Int:  8    God:    Trog [*****.]
Gold:   2219       SH:  7    Dex: 15    Spells: 0 memorised, 12 levels left

rFire  . . .     SeeInvis .     a - +2 broad axe (flame)
rCold  . . .     Gourm    .     (armour unavailable)
rNeg   . . .     Faith    .     q - +0 buckler
rPois  +         Spirit   +     T - +1 hat {MR+}
rElec  +         Reflect  .     X - +0 cloak
rCorr  .         Harm     .     d - +2 pair of gloves
MR     ++...                    B - +2 pair of boots
Stlth  +.........               h - amulet of guardian spirit
                                f - ring of poison resistance
                                A - ring of protection from magic

@: corroded
A: breathe lightning, unfitting armour, electricity resistance, cold-blooded, AC
+8
a: Breathe Lightning, Berserk, Trog's Hand, Brothers in Arms, Burn Spellbooks,
Renounce Religion


You were on level 2 of the Lair of Beasts.
You worshipped Trog.
Trog was extremely pleased with you.
You were hungry.

You visited 3 branches of the dungeon, and saw 16 of its levels.
You also visited: Sewer and Bailey.

You collected 2219 gold pieces.

Inventory:

Hand Weapons
 a - a +2 broad axe of flaming (weapon)
 M - a +1 antimagic scimitar
Armour
 d - a +2 pair of gloves (worn)
 q - a +0 buckler (worn)
 s - a +0 shield
 B - a +2 pair of boots (worn)
 T - a +1 hat of magic resistance (worn)
 X - a +0 cloak (worn)
Jewellery
 f - a ring of poison resistance (right hand)
 h - an amulet of guardian spirit (around neck)
 z - an uncursed ring of protection from fire
 A - a ring of protection from magic (left hand)
Wands
 o - a wand of polymorph (6/24)
Scrolls
 b - a scroll of holy word
 i - 7 scrolls of remove curse
 j - 3 scrolls of blinking
 l - 7 scrolls of teleportation
 r - 4 scrolls of magic mapping
 t - 5 scrolls of fear
 v - 3 scrolls of enchant armour
 x - 2 scrolls of recharging
 y - a scroll of fog
 D - 4 scrolls of noise {unknown}
 E - 2 scrolls of random uselessness {unknown}
 O - 4 scrolls of silence {unknown}
 P - 4 scrolls of enchant weapon {unknown}
Potions
 e - a potion of heal wounds
 k - 6 potions of flight
 m - 7 potions of curing
 p - 4 potions of might
 u - 5 potions of haste
 I - a potion of brilliance
Miscellaneous
 g - a phantom mirror
Comestibles
 c - a slice of pizza
 n - 9 fruits
 w - 4 beef jerkies
 G - 5 meat rations
 J - 8 bread rations
 L - 2 royal jellies


   Skills:
 - Level 12.1 Fighting
 - Level 16.1 Axes
 - Level 9.0 Dodging
 + Level 10.3 Shields


You had 12 spell levels left.
You didn't know any spells.

Dungeon Overview and Level Annotations

Branches:
Dungeon (13/15)            Temple (0/1) D:5            Lair (2/6) D:9
  Swamp (0/4) Lair:2          Orc (1/2) D:12
  Snake: Lair:2-4    Spider: Lair:2-4    Vaults: D:13-14

Altars:
Ashenzari
Cheibriados
Dithmenos
Fedhas
Gozag
Hepliaklqana
Makhleb
Okawaru
Trog
Xom
Zin
Beogh

Shops:
D:4 (   D:6 :   Orc:1 (

Annotations:
Lair:2 exclusion: oklob plant


Innate Abilities, Weirdness & Mutations

You can breathe wild blasts of lightning.
Your glossy black scales are hard. (AC +8)
You cannot fit into any form of body armour.
You are resistant to electric shocks. (rElec)
You are cold-blooded and may be slowed by cold attacks.


Message History

The oklob plant spits acid at you. The splash of acid misses you.
You hit the oklob plant. You burn the oklob plant.
The oklob plant is moderately damaged.
You slash the plant! You burn the plant. You hit the plant but do no damage.
The oklob plant spits acid at you. The splash of acid hits you!
* * * LOW HITPOINT WARNING * * *
You are splashed with acid!
The acid burns!
* * * LOW HITPOINT WARNING * * *
You hit the oklob plant. You burn the oklob plant.
You tail-slap the oklob plant, but do no damage.
The oklob plant is moderately damaged.
You slash the plant! You burn the plant. You slash the plant!
You burn the plant. The oklob plant spits acid at you.
The splash of acid hits you!
* * * LOW HITPOINT WARNING * * *
The acid corrodes you!
You are splashed with acid!
The acid burns!
You die...

...#P##.##.........###..###
#..##
.###...............##.#.##
#..#
..###...#.###.[..........#
#..# ...##..####
#.##.##.###.## #..##
.###...# #############
#..#. .####.## #>>># #...#
.P##..## #####...#####
#..## .##....##
#P≈≈.....≈≈P# #..#
........#
#P@.......≈.###..#
##..###.#
#P≈.......≈.#....## ###.#
#.## #P≈.......≈P#......
..#.###.P#
#P≈.......≈P#......
.P...##.##
#P≈≈.....≈≈P#......
.........#
######'######......
.#...##.##
#.##.#.).........
.#.#..#.P#
#...........)....
..#####..#
####..####.......


You could see an oklob plant.

Vanquished Creatures
  Gastronok (D:10)
  A death knight (D:13)
  An orc high priest (Orc:1)
  The ghost of BogdanSil the Grappler, a novice TrMo of Uskayaw (D:8)
  A skeletal warrior (D:13)
  4 deep trolls
  Pikel (D:5)
  2 orc knights (Orc:1)
  7 hill giants
  4 orc sorcerers (Orc:1)
  An oklob plant (Lair:2)
  2 cyclopes
  Joseph (D:10)
  A black mamba (Lair:2)
  5 elephants (Lair:2)
  Psyche (D:10)
  A rime drake (Lair:1)
  3 spiny frogs
  2 komodo dragons (Lair:2)
  A polar bear (Lair:2)
  A freezing wraith (D:13)
  12 trolls
  A two-headed ogre (D:10)
  5 hippogriffs
  Prince Ribbit (D:7)
  2 shadows
  A water elemental (D:11)
  The ghost of davido123 the Sneak, an amateur SpAs of Gozag (D:4)
  3 wraiths
  A wyvern (D:13)
  A vampire (D:10)
  Eustachio (D:5)
  29 yaks
  Grum (D:10)
  2 hungry ghosts (D:12)
  4 basilisks
  A warg (Orc:1)
  A mottled dragon (D:11)
  2 chaos spawn (D:8)
  3 vampire mosquitoes (D:13)
  5 swamp worms (Lair:2)
  Edmund (D:5)
  A water moccasin (Lair:1)
  5 porcupines (Lair:1)
  5 orc warriors
  4 black bears
  7 ice beasts
  4 sky beasts
  The ghost of Execuda the Skirmisher, an amateur MiFi (D:3)
  4 ogres
  7 wolves
  3 phantoms
  2 centaurs
  A big kobold (D:8)
  10 bullfrogs
  10 gnoll sergeants
  A wyvern zombie (D:10)
  5 scorpions
  A water moccasin skeleton (D:6)
  2 troll zombies (D:12)
  22 killer bees
  10 wights
  7 electric eels
  2 howler monkeys
  5 crimson imps
  2 jellies (D:8)
  2 bullfrog zombies
  A centaur zombie (D:10)
  A quasit (D:9)
  4 centaur skeletons
  8 gnoll shamans
  9 hounds
  14 orc wizards
  15 orc priests
  3 bullfrog skeletons
  Jessica (D:3)
  2 iguanas
  7 worker ants
  6 ogre zombies (D:12)
  4 hound skeletons
  13 adders
  25 gnolls
  7 river rats (Sewer)
  3 shadow imps (D:6)
  2 oozes
  An adder skeleton (D:6)
  3 worms
  2 dart slugs
  11 leopard geckos
  62 orcs
  7 ball pythons
  11 giant cockroaches
  3 hobgoblins
  16 jackals
  6 quokkas
  8 bats
  14 frilled lizards
  A giant cockroach zombie (D:5)
  6 goblins
  A goblin skeleton (D:12)
  2 goblin zombies (D:12)
  2 hobgoblin zombies (D:12)
  A jackal skeleton (D:5)
  13 kobolds
  A leopard gecko skeleton (D:4)
  An orc skeleton (D:12)
  19 orc zombies (D:12)
  A quokka zombie (D:9)
  18 rats
  A fungus (Lair:1)
  3 plants (Lair:2)
582 creatures vanquished.

Vanquished Creatures (others)
  A howler monkey (D:6)
  A gnoll shaman (D:6)
  An iguana (D:6)
  An orc wizard (D:6)
  An adder skeleton (D:6)
  A fungus (Lair:2)
  A plant (Lair:2)
7 creatures vanquished.

Grand Total: 589 creatures vanquished

Notes
Turn   | Place    | Note
-------+----------+-------------------------------------------
     0 | D:1      | Kloppie the Draconian Berserker began the quest for the Orb.
     0 | D:1      | Reached XP level 1. HP: 19/19 MP: 1/1
    78 | D:1      | Reached XP level 2. HP: 24/26 MP: 2/2
   340 | D:1      | Reached ** piety under Trog
   523 | D:2      | Reached XP level 3. HP: 31/33 MP: 3/3
   793 | D:2      | Reached XP level 4. HP: 35/41 MP: 4/4
   948 | D:3      | Reached skill level 4 in Axes
   994 | D:2      | Reached skill level 5 in Fighting
  1212 | D:3      | Reached *** piety under Trog
  1212 | D:3      | Reached XP level 5. HP: 48/48 MP: 5/5
  1240 | D:3      | Noticed Execuda's ghost (amateur MiFi)
  1274 | D:3      | Killed Execuda's ghost
  1274 | D:3      | Reached skill level 5 in Axes
  1429 | D:3      | Reached XP level 6. HP: 53/57 MP: 6/6
  1459 | D:3      | Found a glowing drain.
  1477 | Sewer    | Entered a sewer
  2008 | D:3      | Noticed Jessica
  2022 | D:3      | Killed Jessica
  2022 | D:3      | Reached **** piety under Trog
  2396 | D:4      | Found Nofoul's Weapon Shop.
  2435 | D:4      | Noticed davido123's ghost (amateur SpAs)
  2452 | D:4      | Killed davido123's ghost
  2452 | D:4      | Reached skill level 6 in Axes
  2452 | D:4      | Your scales start taking on a glossy black colour.
  2452 | D:4      | Reached XP level 7. HP: 64/64 MP: 7/7
  2452 | D:4      | Gained mutation: You are resistant to electric shocks. (rElec) [Black Draconian growth]
  2654 | D:4      | Found a shadowy altar of Dithmenos.
  3044 | D:4      | Reached skill level 7 in Axes
  3070 | D:5      | Entered Level 5 of the Dungeon
  3274 | D:5      | Noticed Eustachio
  3285 | D:5      | Reached XP level 8. HP: 74/74 MP: 8/8
  3337 | D:5      | Killed Eustachio
  3412 | D:5      | Noticed Edmund
  3431 | D:5      | Killed Edmund
  3581 | D:5      | Found a snail-covered altar of Cheibriados.
  3581 | D:5      | Found a shattered altar of Ashenzari.
  3581 | D:5      | Found a hazy altar of Hepliaklqana.
  3581 | D:5      | Noticed Pikel
  3606 | D:5      | Killed Pikel
  3606 | D:5      | Reached skill level 8 in Axes
  3940 | D:5      | Found a staircase to the Ecumenical Temple.
  3978 | D:5      | Reached XP level 9. HP: 73/85 MP: 5/9
  4374 | D:6      | Reached skill level 9 in Axes
  4464 | D:6      | Found Wauruclu's Book Boutique.
  4476 | D:6      | Reached ***** piety under Trog
  4597 | D:6      | Found a burning altar of Makhleb.
  4599 | D:6      | Found a glowing silver altar of Zin.
  4599 | D:6      | Noticed an angel
  4600 | D:6      | Noticed a green death
  4648 | D:6      | Reached skill level 10 in Axes
  4674 | D:6      | Found a shimmering altar of Xom.
  5087 | D:7      | Found a bloodstained altar of Trog.
  5305 | D:7      | Reached skill level 5 in Dodging
  5377 | D:7      | Received a gift from Trog
  5488 | D:7      | Noticed Prince Ribbit
  5516 | D:7      | Killed Prince Ribbit
  5898 | D:8      | Noticed BogdanSil's ghost (novice TrMo)
  5912 | D:8      | Killed BogdanSil's ghost
  5912 | D:8      | Reached XP level 10. HP: 93/93 MP: 8/10
  6012 | D:8      | Noticed a hill giant
  6042 | D:8      | Killed a hill giant
  6042 | D:8      | Reached skill level 11 in Axes
  6786 | D:8      | Reached skill level 12 in Axes
  6907 | D:8      | Found a shimmering altar of Xom.
  7395 | D:9      | Found a staircase to the Lair.
  7401 | D:9      | Received a gift from Trog
  7419 | D:9      | Reached skill level 13 in Axes
  7761 | D:9      | Found an opulent altar of Gozag.
  7792 | D:9      | Reached XP level 11. HP: 99/99 MP: 9/11
  8178 | D:10     | Entered Level 10 of the Dungeon
  8269 | D:10     | Noticed Joseph
  8283 | D:10     | Killed Joseph
  8346 | D:10     | Reached skill level 14 in Axes
  8492 | D:10     | Noticed Psyche
  8503 | D:10     | Killed Psyche
  8694 | D:10     | Noticed a hill giant
  8707 | D:10     | Killed a hill giant
  8846 | D:10     | Noticed Gastronok
  8857 | D:10     | Killed Gastronok
  8857 | D:10     | Reached skill level 15 in Axes
  9340 | D:10     | Noticed Grum
  9351 | D:10     | Killed Grum
  9720 | D:10     | Noticed a deep troll
  9731 | D:10     | Killed a deep troll
  9747 | D:10     | Noticed a hill giant
  9831 | D:10     | Reached XP level 12. HP: 39/106 MP: 5/12
  9874 | D:10     | Reached skill level 16 in Axes
 10137 | D:10     | Identified the Grimoire of Igneous Creation
 10516 | D:9      | Received a gift from Trog
 10553 | Lair:1   | Entered Level 1 of the Lair of Beasts
 10659 | Lair:1   | Reached skill level 10 in Fighting
 11597 | Lair:2   | Gained mutation: Your muscles are strong. (Str +2) [potion of mutation]
 11597 | Lair:2   | Gained mutation: Your spells are a little easier to cast, but a little less powerful. [potion of mutation]
 11597 | Lair:2   | Gained mutation: You expend magic power (3 MP) to strengthen your wands. [potion of mutation]
 12215 | Lair:2   | Found a staircase to the Swamp.
 12956 | D:11     | Found a flagged portal.
 12975 | Bailey   | Entered a bailey
 13263 | Bailey   | Reached skill level 1 in Shields
 13855 | D:11     | Lost mutation: Your muscles are strong. (Str +2) [potion of cure mutation]
 13855 | D:11     | Lost mutation: You expend magic power (3 MP) to strengthen your wands. [potion of cure mutation]
 13855 | D:11     | Lost mutation: Your spells are a little easier to cast, but a little less powerful. [potion of cure mutation]
 14141 | D:11     | Found a blossoming altar of Fedhas.
 14242 | D:11     | Reached XP level 13. HP: 78/118 MP: 8/13
 14515 | D:11     | Received a gift from Trog
 14624 | D:11     | Reached skill level 5 in Shields
 14955 | D:12     | Found a shimmering altar of Xom.
 14998 | D:12     | Found a staircase to the Orcish Mines.
 15745 | D:12     | Identified a scroll of acquirement
 15838 | D:13     | Received a gift from Trog
 15857 | D:13     | Found an iron altar of Okawaru.
 16339 | Orc:1    | Entered Level 1 of the Orcish Mines
 16529 | Orc:1    | Found Kenirir's Weapon Shoppe.
 16851 | Orc:1    | Found a roughly hewn altar of Beogh.
 16870 | Orc:1    | Reached skill level 10 in Shields
 17501 | Lair:2   | HP: 5/118 [oklob plant/splash of acid (3)]
 17501 | Lair:2   | Splashed by an oklob plant's acid

Skill      XL: |  1  2  3  4  5  6  7  8  9 10 11 12 13 |
---------------+----------------------------------------+-----
Fighting       | 4 5 6 7 9 12 | 12.1
Axes           | 4 5 6 7 8 10 13 15 16 | 16.1
Dodging        | 6 9 |  9.0
Shields        | 2 10 | 10.3

Action                   |  1- 3 |  4- 6 |  7- 9 | 10-12 | 13-15 || total
-------------------------+-------+-------+-------+-------+-------++-------
Melee: Hand axe          |   146 |   216 |   259 |       |       ||   621
       Tailslap          |     8 |    19 |    66 |   117 |    33 ||   243
       War axe           |       |       |   168 |   475 |       ||   643
       Broad axe         |       |       |       |   234 |   303 ||   537
Invok: Berserk           |     1 |     4 |    10 |    22 |     5 ||    42
       Trog's Hand       |       |     1 |     1 |     9 |       ||    11
       Brothers in Arms  |       |       |       |     1 |       ||     1
 Abil: Breathe Lightning |       |       |     1 |       |       ||     1
  Use: Potion            |       |     8 |     2 |     5 |     1 ||    16
       Scroll            |       |       |     9 |    10 |     4 ||    23
 Stab: Sleeping          |       |     3 |       |     1 |       ||     4
       Confused          |       |       |     2 |       |       ||     2
  Eat: Chunk             |     1 |     9 |    21 |    47 |    10 ||    88
       Royal jelly       |       |       |       |     3 |     3 ||     6
Armor: Skin              |    57 |    65 |   158 |   224 |    61 ||   565
Dodge: Dodged            |   116 |   152 |   309 |   577 |   159 ||  1313
Block: Buckler           |       |       |       |     6 |    65 ||    71
